 Dungeon Crawl Stone Soup version 0.30-a0-924-g0ad0bf95bc (webtiles) character file.

Game seed: 1615582864342835244

137 xian the Covert (level 5, -4/28 HPs)
             Began as a Spriggan Delver on Mar 23, 2023.
             Was an Initiate of Okawaru.
             Slain by an ogre
             ... wielding a +0 giant club
              (9 damage)
             ... on level 3 of the Dungeon.
             The game lasted 00:11:01 (3203 turns).

xian the Covert (Spriggan Delver)                   Turns: 3203, Time: 00:11:01

Health: -4/28      AC:  2    Str: 10    XL:     5   Next: 0%
Magic:  6/6        EV: 18    Int: 12    God:    Okawaru [......]
Gold:   115        SH:  0    Dex: 16    Spells: 4/4 levels left

rFire   + . .      SeeInvis +    p - +2 dagger (holy)
rCold   x . .      Faith    .    (no shield)
rNeg    . . .      Spirit   .    b - +0 robe
rPois   .          Reflect  .    (helmet restricted)
rElec   .          Rampage  .    (no cloak)
rCorr   .                        (gloves unavailable)
Will    .....                    (boots unavailable)
Stlth   ++++                     (no amulet)
HPRegen 0.24/turn                l - ring of flight
MPRegen 0.10/turn                r - ring of fire

@: flying, very quick
A: very small, no large weapons, unfitting armour, see invisible, speed 3
a: Renounce Religion


You were on level 3 of the Dungeon.
You worshipped Okawaru.
Okawaru was noncommittal.
You visited 2 branches of the dungeon, and saw 6 of its levels.

You collected 115 gold pieces.

Inventory:

Hand Weapons
 p - a +2 dagger of holy wrath (weapon)
Armour
 b - a +0 robe (worn)
Jewellery
 l - a ring of flight (left hand)
 r - a ring of fire (right hand)
Wands
 g - a wand of digging (3)
 h - a wand of paralysis (9)
Scrolls
 c - 2 scrolls of fog
 d - 2 scrolls of magic mapping
 e - a scroll of enchant armour {unknown}
 f - 3 scrolls of blinking {unknown}
 i - 3 scrolls of identify {unknown}
 j - a scroll of amnesia {unknown}
 m - 2 scrolls of teleportation {unknown}
 s - a scroll of immolation {unknown}
 t - a scroll of fear
Potions
 k - a potion of attraction {unknown}
 n - a potion of curing
 o - a potion of ambrosia {unknown}
 q - a potion of mutation {unknown}


   Skills:
 + Level 2.8 Fighting
 + Level 3.2 Short Blades
 + Level 3.5 Dodging
 + Level 9.2 Stealth


You had 4 spell levels left.
You didn't know any spells.
Your spell library contained the following spells:

 Spells                   Type           Power      Damage    Failure   Level
 Lesser Beckoning         Tloc           0%         N/A       45%         2
 Gell's Gravitas          Tloc           0%         N/A       69%         3
 Ignite Poison            Fire/Tmut/Pois 0%         N/A       69%         3
 Teleport Other           Tloc           0%         N/A       69%         3
 Sticky Flame             Conj/Fire      0%         2d3       97%         4
 Ignition                 Fire           0%         3d3       100%        8


Dungeon Overview and Level Annotations

Branches:
Dungeon (5/15)             Temple (1/1) D:5

Altars:
Ashenzari
Elyvilon
Fedhas
Gozag
Kikubaaqudgha
Makhleb
Nemelex Xobeh
Okawaru
Qazlal
Ru
Sif Muna
Trog
Uskayaw
Vehumet
Xom
Yredelemnul
Zin
The Shining One

Annotations:
D:5 Eustachio


Innate Abilities, Weirdness & Mutations

You are very small and have problems with some larger weapons.
You are too small for most types of armour.
You have supernaturally acute eyesight. (SInv)
You cover ground extremely quickly. (Speed+++)


Message History

You hit the hobgoblin.
You kill the hobgoblin!
Okawaru accepts your kill.
You see here a hobgoblin corpse.
A rat comes into view.
You barely miss the rat. The rat misses you.
You hit the rat but do no damage. The rat closely misses you.
You hit the rat.
The rat is heavily wounded.
You hit the rat.
You kill the rat!
Okawaru accepts your kill.
You have reached level 5!
You feel clever.
An ogre comes into view. It is wielding a +0 giant club.
The ogre shouts!
You throw a poisoned dart.
The poisoned dart barely misses the ogre.
You throw a poisoned dart. The poisoned dart hits the ogre.
The ogre is poisoned.
You throw a poisoned dart.
The poisoned dart barely misses the ogre.
You throw a poisoned dart. The poisoned dart hits the ogre.
The ogre is lightly wounded.
You throw a poisoned dart. The poisoned dart hits the ogre.
The ogre is lightly wounded.
You see here a rat corpse.
You throw a poisoned dart. The poisoned dart hits the ogre.
The ogre is lightly wounded.
The ogre looks more healthy.
The ogre hits you with a +0 giant club!!
Ouch! That really hurt!
* * * LOW HITPOINT WARNING * * *
You see here a rat corpse.
You hit the ogre.
The ogre is moderately wounded.
You hit the ogre but do no damage.
The ogre is moderately wounded.
The ogre hits you with a +0 giant club!
You die...

#......####... #......##...##
######.#####..#### #^......#
#.##### #.......####....##
#.............#...
##.......####.#####
############........###...>...
...(....((..O@................
(.(...........................
~.~.~~.~~~~~.~~~~~~~~.~~...~.~
~~~~~≈≈~~~~~~~~≈≈~≈~~~~~~~~~~~
≈≈≈≈≈≈≈≈≈≈~~≈≈≈≈≈~~~~≈≈≈≈≈≈~≈≈
≈≈≈≈≈≈≈#####≈≈≈≈≈~≈≈≈≈≈≈≈≈≈≈≈≈
≈≈≈≈≈≈≈ ###################
≈≈≈≈≈≈≈


You could see an ogre.

Vanquished Creatures
  An iguana (D:5)
  3 adders
  2 ufetubi (D:4)
  A dart slug (D:2)
  4 orcs (D:2)
  5 ball pythons
  5 bats
  7 endoplasms
  2 giant cockroaches
  7 goblins
  8 hobgoblins
  A quokka (D:2)
  6 frilled lizards
  8 kobolds
  4 rats
64 creatures vanquished.

Vanquished Creatures (others)
  2 demonic plants (D:4)
2 creatures vanquished.

Grand Total: 66 creatures vanquished

Notes
Turn   | Place    | Note
-------+----------+-------------------------------------------
     0 | D:5      | xian the Spriggan Delver began the quest for the Orb.
     0 | D:5      | Reached XP level 1. HP: 11/11 MP: 2/2
     3 | D:5      | Noticed an iguana
     4 | D:5      | Noticed a scorpion
    36 | D:5      | Noticed Eustachio
    46 | D:5      | Noticed an iron imp
    61 | D:5      | Found a staircase to the Ecumenical Temple.
    71 | Temple   | Entered the Ecumenical Temple
   210 | Temple   | Became a worshipper of Warmaster Okawaru
   229 | D:5      | Noticed a hound
   266 | D:5      | Noticed an iguana
   272 | D:5      | Noticed an ice beast
   273 | D:5      | Killed an iguana
   274 | D:5      | Reached skill level 8 in Stealth
   274 | D:5      | Reached XP level 2. HP: 16/16 MP: 3/3
   385 | D:4      | Reached XP level 3. HP: 13/19 MP: 4/4
   480 | D:4      | Identified the +3 leather armour "Ohovapnav" {Rampage Drain
                  | rN+ Str+3}
  1086 | D:2      | Reached XP level 4. HP: 23/23 MP: 5/5
  1414 | D:2      | Reached skill level 9 in Stealth
  2287 | D:1      | Found a faded altar of an unknown god.
  2747 | D:3      | HP: 1/23 [adder (2)]
  3180 | D:3      | Reached XP level 5. HP: 28/28 MP: 6/6
  3185 | D:3      | Noticed an ogre
  3203 | D:3      | Slain by an ogre

Illustrated notes

Levels and vault maps discovered:
D:1:      eino_arrival_water_cross, layout_basic, serial_corexii_hall,
          corexii_hall_statues_i, corexii_hall_statues_i,
          ebering_ecumenical_altar_ruins, st_stairs_1
D:2:      minmay_general_purpose_star, layout_loops_corners
D:3:      minmay_goblin_kobold_castle, layout_rooms
D:4:      layout_loops_cross, serial_demonic, serial_demonic_f,
          serial_demonic_f, serial_demonic_d, serial_demonic_c,
          uniq_blork_the_orc, uniq_duvessa
D:5:      layout_basic, minmay_temple_entry_glassed_door, serial_glass,
          glass_columns_a, glass_columns_a, due_unseen_surprise, uniq_eustachio
Temple:   nicolae_temple_two_arcs

Skill      XL: |  1  2  3  4 |
---------------+-------------+-----
Stealth        | 8 9 |  9.2
Dodging        | 3 |  3.5
Short Blades   | 3 |  3.2
Fighting       | |  2.8

Action                     |  1- 3 |  4- 6 || total
---------------------------+-------+-------++-------
  Melee: Short sword       |   102 |   110 ||   212
         Dagger            |       |    63 ||    63
         Punch             |       |     2 ||     2
  Throw: Dart              |       |     6 ||     6
    Use: Scroll            |     1 |       ||     1
         Potion            |     3 |     1 ||     4
   Stab: Sleeping          |     6 |    13 ||    19
 Armour: Robe              |    14 |     8 ||    22
  Dodge: Dodged            |    80 |   103 ||   183

Table legend: (Time is in decaauts)
 A = Elapsed time spent in this place.
 B = Non-inter-level travel time spent in this place.
 C = Inter-level travel time spent in this place.
 D = Time resting spent in this place.
 E = Time spent auto-exploring this place.
 F = Levels seen in this place.
 G = Mean time per level.
                   A        B        C        D        E       F      G
               +--------+--------+--------+--------+--------+-----+--------+
         Total |   2228 |   2173 |     55 |    290 |   1027 |   6 |  371.3 |
       Dungeon |   2127 |   2072 |     55 |    268 |   1027 |   5 |  425.4 |
        Temple |    100 |    100 |      0 |     22 |      0 |   1 |  100.0 |
               +--------+--------+--------+--------+--------+-----+--------+

Top non-repeatable levels by time:
     D:2: 1103 daAuts
     D:1: 401 daAuts
     D:3: 344 daAuts
     D:4: 152 daAuts
     D:5: 125 daAuts
  Temple: 100 daAuts
